| 
	| TOP OF THE 1ST | 
|---|
 
		| Iowa Cubs batting - Pitching for Lehigh Valley IronPigs : RHP Georgs Felitti |  
		| Pitching: RHP Georgs Felitti |  |  
		| Batting: SHB Seung-ho Zhang | 0-0: Called Strike 0-1: Ground out 4-3 (Groundball, 34, EV 101.9 MPH)
 |  
		| Batting: LHB Sumiki Okuhara | 0-0: Ball 1-0: Ball
 2-0: Called Strike
 2-1: Ball
 3-1: Ground out U3 (Groundball, 3S, EV 85.0 MPH)
 |  
		| Batting: SHB Gabriel Cruz | 0-0: Ball 1-0: Foul Ball, location: 2F
 1-1: Ball
 2-1: Ball
 3-1: Called Strike
 3-2: Base on Balls
 |  
		| Batting: RHB Ricardo Aguinaga | 0-0: Ball 1-0: Foul Ball, location: 2F
 1-1: Swinging Strike
 1-2: Ground out 4-3 (Groundball, 4, EV 76.2 MPH)
 |  
		| Top of the 1st over - 0 runs, 0 hits, 0 errors, 1 left on base; Iowa 0 - Lehigh Valley 0 |  
	| BOTTOM OF THE 1ST | 
|---|
 
		| Lehigh Valley IronPigs batting - Pitching for Iowa Cubs : RHP Ryohei Uda |  
		| Pitching: RHP Ryohei Uda |  |  
		| Batting: LHB Theodore Conboy | 0-0: Ball 1-0: Ball
 2-0: Ball
 3-0:  Fly out, F6  (Popup, 6, EV 60.0 MPH)
 |  
		| Batting: RHB Alberto Ramirez | 0-0: Ground out 4-3 (Groundball, 4, EV 81.2 MPH) |  
		| Batting: RHB Carlos Morejon | 0-0: Foul Ball, location: 2F 0-1: Ball
 1-1: Ball
 2-1: Ball
 3-1: Foul Ball, location: 2F
 3-2: SINGLE  (Groundball, 6MD, EV 101.2 MPH)
 |  
		| Batting: RHB Mark Schultz | 0-0: Swinging Strike 0-1: Ball
 1-1: Swinging Strike
 1-2:  Fly out, F8  (Flyball, 8LD, EV 102.5 MPH)
 |  
		| Bottom of the 1st over - 0 runs, 1 hit, 0 errors, 1 left on base; Iowa 0 - Lehigh Valley 0 |  
	| TOP OF THE 2ND | 
|---|
 
		| Iowa Cubs batting - Pitching for Lehigh Valley IronPigs : RHP Georgs Felitti |  
		| Batting: RHB Adam O'Hare | 0-0: Called Strike 0-1: Called Strike
 0-2: Ground out 6-3 (Groundball, 6, EV 78.8 MPH)
 |  
		| Batting: RHB Brian Gargis | 0-0: Ball 1-0: Ball
 2-0: Ball
 3-0: Called Strike
 3-1: Base on Balls
 |  
		| Batting: RHB Pat Barton | 0-0: Ball 1-0: Called Strike
 1-1: Called Strike
 1-2: Strikes out looking
 Brian Gargis steals 2nd base
 Batter strikes out.
 |  
		| Batting: RHB Rich Thurman | 0-0: Ball 1-0: Ball
 2-0: Foul Ball, location: 2F
 2-1: Ball
 3-1:  Fly out, F4  (Popup, 4D, EV 58.1 MPH)
 |  
		| Top of the 2nd over - 0 runs, 0 hits, 0 errors, 1 left on base; Iowa 0 - Lehigh Valley 0 |  
	| BOTTOM OF THE 2ND | 
|---|
 
		| Lehigh Valley IronPigs batting - Pitching for Iowa Cubs : RHP Ryohei Uda |  
		| Batting: RHB Victor Arroyo | 0-0: Ground out 4-3 (Groundball, 4M, EV 80.0 MPH) |  
		| Batting: SHB Benjamin Brown | 0-0: Called Strike 0-1: Foul Ball, location: 2F
 0-2: Strikes out swinging, 2-3 out at first.
 |  
		| Batting: RHB Moritake Fukumoto | 0-0: Ball 1-0: Ball
 2-0: Swinging Strike
 2-1: Swinging Strike
 2-2: Ball
 3-2: Strikes out swinging
 |  
		| Bottom of the 2nd over - 0 runs, 0 hits, 0 errors, 0 left on base; Iowa 0 - Lehigh Valley 0 |  
	| TOP OF THE 3RD | 
|---|
 
		| Iowa Cubs batting - Pitching for Lehigh Valley IronPigs : RHP Georgs Felitti |  
		| Batting: RHB Adam Kelliher | 0-0: DOUBLE  (Flyball, 78D, EV 91.9 MPH) |  
		| Batting: SHB Seung-ho Zhang | 0-0: Swinging Strike 0-1: Ball
 1-1: Ground out U3 (Groundball, 34, EV 80.0 MPH)
 Adam Kelliher to third
 |  
		| Batting: LHB Sumiki Okuhara | 0-0: Ball 1-0: Foul Ball, location: 2F
 1-1: Swinging Strike
 1-2: Strikes out swinging
 |  
		| Batting: SHB Gabriel Cruz | 0-0: Called Strike 0-1: Swinging Strike
 0-2: Strikes out looking
 |  
		| Top of the 3rd over - 0 runs, 1 hit, 0 errors, 1 left on base; Iowa 0 - Lehigh Valley 0 |  
	| BOTTOM OF THE 3RD | 
|---|
 
		| Lehigh Valley IronPigs batting - Pitching for Iowa Cubs : RHP Ryohei Uda |  
		| Batting: RHB Kyle Reilly | 0-0:  Fly out, F7  (Line Drive, 7, EV 108.1 MPH) |  
		| Batting: SHB Marco de Leon | 0-0: Called Strike 0-1: Swinging Strike
 0-2: Foul Ball, location: 2F
 0-2: Strikes out swinging
 |  
		| Batting: LHB Theodore Conboy | 0-0: Ball 1-0: Ball
 2-0: Ball
 3-0: Called Strike
 3-1: Called Strike
 3-2: Ground out 3-1 (Groundball, 34, EV 93.8 MPH)
 |  
		| Bottom of the 3rd over - 0 runs, 0 hits, 0 errors, 0 left on base; Iowa 0 - Lehigh Valley 0 |  
	| TOP OF THE 4TH | 
|---|
 
		| Iowa Cubs batting - Pitching for Lehigh Valley IronPigs : RHP Georgs Felitti |  
		| Batting: RHB Ricardo Aguinaga | 0-0: Ground out 6-3 (Groundball, 6, EV 99.4 MPH) |  
		| Batting: RHB Adam O'Hare | 0-0: Ball 1-0: Foul Ball, location: 2F
 1-1: Ball
 2-1: Ball
 3-1: Base on Balls
 |  
		| Batting: RHB Brian Gargis | 0-0: Foul Ball, location: 2F 0-1: Ball
 1-1:  Fly out, F4  (Flyball, 4MD, EV 90.0 MPH)
 |  
		| Batting: RHB Pat Barton | 0-0: SINGLE  (Groundball, 6MD, EV 98.8 MPH) Adam O'Hare to second
 Runner from 2nd tries for 3rd, SAFE, throw by CF made to third
 |  
		| Batting: RHB Rich Thurman | 0-0: SINGLE  (Groundball, 25, EV 73.1 MPH) (infield hit) Adam O'Hare scores
 Pat Barton to second
 |  
		| Batting: RHB Adam Kelliher | 0-0: Ball 1-0:  Fly out, F6  (Popup, 4MS, EV 73.1 MPH)
 |  
		| Top of the 4th over - 1 run, 2 hits, 0 errors, 2 left on base; Iowa 1 - Lehigh Valley 0 |  
	| BOTTOM OF THE 4TH | 
|---|
 
		| Lehigh Valley IronPigs batting - Pitching for Iowa Cubs : RHP Ryohei Uda |  
		| Batting: RHB Alberto Ramirez | 0-0: SINGLE  (Groundball, 56S, EV 71.9 MPH) (infield hit) |  
		| Batting: RHB Carlos Morejon | 0-0: Ball 1-0: Ball
 2-0: Ball
 3-0: Called Strike
 3-1: Called Strike
 3-2: Foul Ball, location: 2F
 3-2: Strikes out swinging
 Alberto Ramirez steals 2nd, throwing error, E2
 Alberto Ramirez to third
 |  
		| Batting: RHB Mark Schultz | 0-0: Ball 1-0: Foul Ball, location: 2F
 1-1: Swinging Strike
 1-2: Ball
 2-2: Foul Ball, location: 2F
 2-2: Ball
 3-2:  Fly out, F9  (Line Drive, 89M, EV 93.8 MPH)
 |  
		| Batting: RHB Victor Arroyo | 0-0: Ball 1-0: Ground out 5-3 (Groundball, 56, EV 80.0 MPH)
 |  
		| Bottom of the 4th over - 0 runs, 1 hit, 1 error, 1 left on base; Iowa 1 - Lehigh Valley 0 |  
	| TOP OF THE 5TH | 
|---|
 
		| Iowa Cubs batting - Pitching for Lehigh Valley IronPigs : RHP Georgs Felitti |  
		| Batting: SHB Seung-ho Zhang | 0-0: Ball 1-0: Swinging Strike
 1-1: Called Strike
 1-2: Ground out U3 (Groundball, 3, EV 81.9 MPH)
 |  
		| Batting: LHB Sumiki Okuhara | 0-0: Ball 1-0: Called Strike
 1-1: Foul Ball, location: 2F
 1-2: Foul Ball, location: 2F
 1-2: Foul Ball, location: 2F
 1-2: Foul Ball, location: 2F
 1-2: Ball
 2-2: Ball
 3-2: SINGLE  (Groundball, 34D, EV 95.6 MPH)
 |  
		| Batting: SHB Gabriel Cruz | 0-0: Called Strike 0-1: Called Strike
 0-2: Foul Ball, location: 2F
 0-2: Ball
 1-2: Foul Ball, location: 2F
 1-2: Ball
 2-2: Reached on error, E4 (Groundball, 4, EV 78.8 MPH)
 Sumiki Okuhara to second
 |  
		| Batting: RHB Ricardo Aguinaga | 0-0: Ball Sumiki Okuhara steals 3rd, throwing error, E2
 Sumiki Okuhara scores
 Gabriel Cruz to third
 1-0: Ball
 2-0:  Fly out, F7  (Flyball, 7D, EV 96.2 MPH)
 Runner from 3rd tags up, OUT at HOME! 7-2
 |  
		| Top of the 5th over - 1 run, 1 hit, 2 errors, 0 left on base; Iowa 2 - Lehigh Valley 0 |  
	| BOTTOM OF THE 5TH | 
|---|
 
		| Lehigh Valley IronPigs batting - Pitching for Iowa Cubs : RHP Ryohei Uda |  
		| Batting: SHB Benjamin Brown | 0-0: Swinging Strike 0-1: Swinging Strike
 0-2: Foul Ball, location: 2F
 0-2: Strikes out swinging
 |  
		| Batting: RHB Moritake Fukumoto | 0-0: Called Strike 0-1: Foul Ball, location: 2F
 0-2: Strikes out swinging
 |  
		| Batting: RHB Kyle Reilly | 0-0: Called Strike 0-1: Ground out 4-3 (Groundball, 4M, EV 100.6 MPH)
 |  
		| Bottom of the 5th over - 0 runs, 0 hits, 0 errors, 0 left on base; Iowa 2 - Lehigh Valley 0 |  
	| TOP OF THE 6TH | 
|---|
 
		| Iowa Cubs batting - Pitching for Lehigh Valley IronPigs : RHP Georgs Felitti |  
		| Batting: RHB Adam O'Hare | 0-0: Called Strike 0-1: Foul Ball, location: 2F
 0-2: Ball
 1-2: Ball
 2-2: Foul Ball, location: 2F
 2-2: Ground out 4-3 (Groundball, 4M, EV 81.9 MPH)
 |  
		| Batting: RHB Brian Gargis | 0-0: Called Strike 0-1: Ball
 1-1: Swinging Strike
 1-2: Strikes out swinging
 |  
		| Batting: RHB Pat Barton | 0-0: Ball 1-0: Ball
 2-0: Ball
 3-0: Foul Ball, location: 2F
 3-1: Base on Balls
 |  
		| Pitching: RHP Lucas McPhillie |  |  
		| Batting: RHB Rich Thurman | 0-0: Swinging Strike 0-1: Swinging Strike
 0-2: Strikes out swinging
 |  
		| Top of the 6th over - 0 runs, 0 hits, 0 errors, 1 left on base; Iowa 2 - Lehigh Valley 0 |  
	| BOTTOM OF THE 6TH | 
|---|
 
		| Lehigh Valley IronPigs batting - Pitching for Iowa Cubs : RHP Ryohei Uda |  
		| Batting: SHB Marco de Leon | 0-0: Ball 1-0: Foul Ball, location: 2F
 1-1: Ball
 2-1: Ball
 3-1: Base on Balls
 |  
		| Batting: LHB Theodore Conboy | 0-0: Ball 1-0: Ball
 2-0: Ball
 3-0: Called Strike
 3-1: Grounds into double play, 3-6-3 (Groundball, 3, EV 102.5 MPH)
 |  
		| Batting: RHB Alberto Ramirez | 0-0: SINGLE  (Groundball, 4MD, EV 95.6 MPH) |  
		| Batting: RHB Carlos Morejon | 0-0: Ball 1-0: Ball
 2-0: Ball
 3-0: Called Strike
 3-1: Called Strike
 3-2: Ground out 5-3 (Groundball, 56, EV 86.9 MPH)
 |  
		| Bottom of the 6th over - 0 runs, 1 hit, 0 errors, 1 left on base; Iowa 2 - Lehigh Valley 0 |  
	| TOP OF THE 7TH | 
|---|
 
		| Iowa Cubs batting - Pitching for Lehigh Valley IronPigs : RHP Lucas McPhillie |  
		| Batting: RHB Adam Kelliher | 0-0: Foul Ball, location: 2F 0-1: SINGLE  (Groundball, 34D, EV 101.2 MPH)
 |  
		| Batting: SHB Seung-ho Zhang | 0-0: Ball 1-0: Called Strike
 1-1: Ball
 2-1: Ball
 3-1: Called Strike
 3-2: Base on Balls
 Adam Kelliher to second
 |  
		| Batting: LHB Sumiki Okuhara | 0-0: Ball 1-0: Sac Bunt to P - play at first, batter OUT! 1-3
 Adam Kelliher to third
 Seung-ho Zhang to second
 |  
		| Batting: SHB Gabriel Cruz | 0-0: Called Strike 0-1: Ball
 1-1: Foul Ball, location: 2F
 1-2: SINGLE  (Groundball, 56, EV 95.0 MPH)
 Adam Kelliher scores
 Seung-ho Zhang to third
 Runner from 3rd tries for Home, SAFE, throw by LF to home
 Gabriel Cruz to second
 |  
		| Batting: RHB Ricardo Aguinaga | 0-0: Ball 1-0: Ground out 1-3 (Groundball, 13S, EV 70.6 MPH)
 Gabriel Cruz to third
 |  
		| Batting: RHB Adam O'Hare | 0-0: Ground out 5-3 (Groundball, 5, EV 85.6 MPH) |  
		| Top of the 7th over - 2 runs, 2 hits, 0 errors, 1 left on base; Iowa 4 - Lehigh Valley 0 |  
	| BOTTOM OF THE 7TH | 
|---|
 
		| Lehigh Valley IronPigs batting - Pitching for Iowa Cubs : RHP Ryohei Uda |  
		| Batting: RHB Mark Schultz | 0-0: Called Strike 0-1: Ball
 1-1: Called Strike
 1-2: Foul Ball, location: 2F
 1-2: Strikes out swinging
 |  
		| Batting: RHB Victor Arroyo | 0-0: Ball 1-0: Ball
 2-0: Ball
 3-0: Called Strike
 3-1: Base on Balls
 |  
		| Batting: SHB Benjamin Brown | 0-0: Ball 1-0:  Fly out, F6  (Popup, 6MS, EV 77.5 MPH)
 |  
		| Batting: RHB Moritake Fukumoto | 0-0: Ball 1-0: Ball
 2-0: Called Strike
 2-1: Foul Ball, location: 2F
 2-2: Foul Ball, location: 2F
 2-2: Ground out 6-3 (Groundball, 6S, EV 93.1 MPH)
 |  
		| Bottom of the 7th over - 0 runs, 0 hits, 0 errors, 1 left on base; Iowa 4 - Lehigh Valley 0 |  
	| TOP OF THE 8TH | 
|---|
 
		| Iowa Cubs batting - Pitching for Lehigh Valley IronPigs : RHP Lucas McPhillie |  
		| Batting: RHB Brian Gargis | 0-0: Swinging Strike 0-1: Called Strike
 0-2: Ball
 1-2: Ball
 2-2: Strikes out swinging
 |  
		| Batting: RHB Pat Barton | 0-0: Foul Ball, location: 2F 0-1: Ball
 1-1: Ground out 4-3 (Groundball, 4, EV 105.6 MPH)
 |  
		| Batting: RHB Rich Thurman | 0-0: SINGLE  (Groundball, 6D, EV 98.8 MPH) |  
		| Batting: RHB Adam Kelliher | 0-0:  Fly out, F9  (Flyball, 89M, EV 89.4 MPH) |  
		| Top of the 8th over - 0 runs, 1 hit, 0 errors, 1 left on base; Iowa 4 - Lehigh Valley 0 |  
	| BOTTOM OF THE 8TH | 
|---|
 
		| Lehigh Valley IronPigs batting - Pitching for Iowa Cubs : RHP Ryohei Uda |  
		| Batting: RHB Kyle Reilly | 0-0: Foul Ball, location: 2F 0-1: Ground out 6-3 (Groundball, 6S, EV 74.4 MPH)
 |  
		| Batting: SHB Marco de Leon | 0-0: Called Strike 0-1: Ball
 1-1: Foul Ball, location: 2F
 1-2: Strikes out swinging
 |  
		| Batting: LHB Theodore Conboy | 0-0: Ball 1-0: SINGLE  (Line Drive, 6D, EV 95.6 MPH)
 |  
		| Pitching: RHP Harry Poindexter |  |  
		| Batting: RHB Alberto Ramirez | 0-0: Foul Ball, location: 2F 0-1: Foul Ball, location: 2F
 0-2: Ball
 1-2: Ball
 2-2: Ball
 3-2: SINGLE  (Line Drive, 7LS, EV 95.6 MPH)
 Theodore Conboy to second
 Theodore Conboy to third
 |  
		| Batting: RHB Carlos Morejon | 0-0: Called Strike 0-1: Swinging Strike
 0-2: Strikes out swinging, 2-3 out at first.
 |  
		| Bottom of the 8th over - 0 runs, 2 hits, 0 errors, 2 left on base; Iowa 4 - Lehigh Valley 0 |  
	| TOP OF THE 9TH | 
|---|
 
		| Iowa Cubs batting - Pitching for Lehigh Valley IronPigs : RHP Lucas McPhillie |  
		| Pitching: RHP Alex Florez |  |  
		| Batting: SHB Seung-ho Zhang | 0-0: Ball 1-0: Swinging Strike
 1-1: Ball
 2-1: Ball
 3-1: Called Strike
 3-2: Base on Balls
 |  
		| Batting: LHB Sumiki Okuhara | 0-0: Bunted foul 0-1: Ball
 1-1: Sac Bunt to 13 - play at first, batter OUT! 1-3
 Seung-ho Zhang to second
 |  
		| Batting: SHB Gabriel Cruz | 0-0: Ball 1-0: Ball
 2-0: Called Strike
 2-1: Called Strike
 2-2: Ground out 5-3 (Groundball, 56, EV 98.8 MPH)
 |  
		| Batting: RHB Ricardo Aguinaga | 0-0: Ball 1-0: Called Strike
 1-1:  Fly out, F8  (Flyball, 8LD, EV 87.5 MPH)
 |  
		| Top of the 9th over - 0 runs, 0 hits, 0 errors, 1 left on base; Iowa 4 - Lehigh Valley 0 |  
	| BOTTOM OF THE 9TH | 
|---|
 
		| Lehigh Valley IronPigs batting - Pitching for Iowa Cubs : RHP Harry Poindexter |  
		| Batting: RHB Mark Schultz | 0-0: Ball 1-0: Ball
 2-0: Ball
 3-0: Called Strike
 3-1: Ground out 5-3 (Groundball, 5, EV 98.8 MPH)
 |  
		| Batting: RHB Victor Arroyo | 0-0: Called Strike 0-1: Ball
 1-1: SINGLE  (Groundball, 56D, EV 101.2 MPH)
 |  
		| Batting: SHB Benjamin Brown | 0-0: Called Strike 0-1: Swinging Strike
 0-2: Ball
 1-2:  Fly out, F9  (Line Drive, 9S, EV 91.2 MPH)
 |  
		| Batting: RHB Moritake Fukumoto | 0-0: Ball 1-0: Ball
 2-0: Ball
 3-0: Called Strike
 3-1: Base on Balls
 Victor Arroyo to second
 |  
		| Pitching: RHP Josh Ready |  |  
		| Batting: RHB Kyle Reilly | 0-0: Ball 1-0: Called Strike
 1-1: Swinging Strike
 1-2: Foul Ball, location: 2F
 1-2: Ground out 3-1 (Groundball, 34, EV 106.9 MPH)
 |  
		| Bottom of the 9th over - 0 runs, 1 hit, 0 errors, 2 left on base; Iowa 4 - Lehigh Valley 0 |  |